AoeStats
← Dd

Arena

510096155Analyzed
4v4 RM · 2d ago on Sep 29, 2026· 53m 55s· 8 players
Game mode
Random Map
Map size
Large (8 player)
Population
200
Speed
Normal
Resources
Standard
Victory
Conquest
Starting age
Dark Age
Ending age
Imperial Age
RankedLock teamsTeams togetherTeam positionsShared explorationLock speedFull tech treeHidden civsTurbo modeCheats
Victory
Defeat
🇫🇷 Poles · France
1480
+13
🇨🇦 Hindustanis · Canada
1475
+14
🇬🇧 Malay · United Kingdom
1415
+16
🇩🇪 Danes · Germany
1415
+16
🇭🇰 Poles · Hong Kong SAR China
1436
-15
🇨🇳 Saxons · China
1436
-15
🇭🇰 Turks · Hong Kong SAR China
1413
-15
🇭🇰 Mongols · Hong Kong SAR China
1402
-14
LinG寶寶
12:30 Feudal Age
13:53 Wheelbarrow
13:29 Double-Bit Axe
14:30 Horse Collar
16:52 Castle Age
18:00 Bow Saw
21:29 Hand Cart
23:03 Szlachta Privileges
23:15 Husbandry
25:00 Bloodlines
24:45 Gold Mining
24:46 Light Cavalry
26:24 Scale Barding Armor
26:29 Forging
26:27 Loom
26:27 Town Watch
32:31 Imperial Age
30:39 Heavy Plow
31:57 Chain Barding Armor
32:12 Iron Casting
33:01 Cavalier
35:35 Blast Furnace
35:00 Conscription
34:10 Winged Hussar
36:27 Lechitic Legacy
39:17 Crop Rotation
46:22 Coinage
45:53 Caravan
專業送分員
9:11 Feudal Age
9:57 Feudal Age
11:24 Loom
13:49 Castle Age
11:42 Double-Bit Axe
14:58 Wheelbarrow
18:22 Bow Saw
25:01 Hand Cart
28:29 Imperial Age
27:30 Ballistics
27:31 Loom
28:40 Fletching
28:51 Padded Archer Armor
29:37 Conscription
29:53 Husbandry
30:04 Bloodlines
30:01 Thumb Ring
30:22 Parthian Tactics
31:35 Chemistry
30:31 Horse Collar
30:52 Gold Mining
31:28 Bodkin Arrow
31:59 Leather Archer Armor
32:35 Bracer
32:51 Leather Archer Armor
32:07 Light Cavalry
33:08 Elite Mangudai
35:08 Hussar
36:06 Scale Barding Armor
36:02 Scale Mail Armor
36:12 Forging
39:54 Chain Barding Armor
39:11 Capped Ram
40:18 Drill
40:23 Siege Ram
52:33 Gold Shaft Mining
屌炸天
10:41 Feudal Age
9:17 Loom
17:18 Castle Age
28:04 Double-Bit Axe
31:35 Imperial Age
29:56 Horse Collar
30:46 Bow Saw
34:05 Gold Mining
39:36 Padded Archer Armor
48:02 Leather Archer Armor
Dd
11:13 Feudal Age
12:29 Loom
15:11 Castle Age
14:13 Double-Bit Axe
14:11 Horse Collar
21:15 Fletching
21:43 Scale Mail Armor
24:48 Wheelbarrow
24:47 Bow Saw
25:05 Forging
25:43 Gold Mining
25:57 Bodkin Arrow
31:06 Imperial Age
29:04 Hand Cart
29:39 Gold Shaft Mining
29:24 Chain Mail Armor
28:43 Man-at-Arms
30:15 Long Swordsman
30:56 Squires
30:46 Gambesons
31:39 Iron Casting
31:08 Stone Mining
31:25 Heavy Plow
31:31 Two-Handed Swordsman
33:06 Conscription
33:21 Plate Mail Armor
32:45 Champion
33:50 Shield Wall
JOK3R_LSR
11:11 Feudal Age
12:41 Double-Bit Axe
15:13 Castle Age
16:26 Bow Saw
15:57 Horse Collar
25:04 Heavy Plow
26:28 Szlachta Privileges
28:12 Wheelbarrow
30:55 Imperial Age
28:57 Bloodlines
28:47 Husbandry
29:15 Gold Mining
29:47 Scale Barding Armor
29:52 Forging
30:37 Forging
31:33 Chain Barding Armor
32:13 Iron Casting
31:28 Cavalier
35:07 Blast Furnace
35:07 Hand Cart
35:36 Lechitic Legacy
42:45 Light Cavalry
45:17 Winged Hussar
46:24 Fletching
51:54 Fortified Wall
52:04 Town Watch
sneaky
6:11 Loom
8:45 Feudal Age
15:11 Double-Bit Axe
15:09 Horse Collar
28:09 Castle Age
29:42 Heavy Plow
29:55 Bow Saw
32:30 Imperial Age
30:23 Forging
32:48 Capped Ram
37:54 Wheelbarrow
38:42 Fletching
39:26 Bodkin Arrow
45:09 Bracer
51:23 Gold Mining
52:35 Crossbowman
TruffleThor
9:59 Feudal Age
13:52 Castle Age
12:44 Double-Bit Axe
12:40 Horse Collar
15:41 Bow Saw
20:58 Heavy Plow
22:28 Wheelbarrow
28:08 Imperial Age
25:25 Loom
25:58 Hand Cart
27:15 Squires
27:16 Scale Mail Armor
27:47 Pikeman
28:27 Onager
29:17 Siege Engineers
28:38 Halberdier
30:07 Conscription
29:52 Gold Mining
30:04 Northmen's Fury
30:36 Siege Onager
33:26 Stone Mining
33:45 Caravan
35:30 Chain Mail Armor
36:15 Man-at-Arms
36:42 Arson
37:28 Plate Mail Armor
37:26 Fletching
37:33 Gambesons
38:15 Ballistics
38:56 Chemistry
38:49 Hoardings
38:08 Long Swordsman
39:30 Forging
38:45 Hamask
39:07 Two-Handed Swordsman
39:46 Champion
42:22 Iron Casting
47:29 Blast Furnace
46:26 Bodkin Arrow
46:43 Masonry
49:35 Bracer
49:53 Capped Ram
51:24 Elite Jomsviking
52:07 Padded Archer Armor
53:43 Siege Ram
Mr.stealyoBoar
10:52 Feudal Age
11:50 Double-Bit Axe
14:33 Castle Age
12:55 Horse Collar
18:09 Bow Saw
18:00 Heavy Plow
21:48 Wheelbarrow
20:58 Loom
23:33 Hand Cart
24:06 Forging
24:02 Scale Barding Armor
24:01 Padded Archer Armor
24:30 Ballistics
24:59 Bloodlines
24:49 Husbandry
25:28 Iron Casting
29:03 Imperial Age
26:26 Gold Mining
26:26 Stone Mining
27:10 Chain Barding Armor
27:21 Leather Archer Armor
28:03 Fletching
30:57 Blast Furnace
30:33 Plate Barding Armor
29:54 Bodkin Arrow
30:29 Ring Archer Armor
31:03 Chemistry
29:28 Heavy Camel Rider
31:34 Imperial Camel Rider
33:07 Shatagni
46:12 Light Cavalry
47:20 Hussar
Connection lost

Rejoining the realm…

Still unreachable

The connection could not be restored.

Session expired

The server has moved on; the page needs a fresh start.